AoeStats
← Roy

Black Forest

506105811Analyzed
1v1 RM · 20d ago on Sep 12, 2026· 38m 23s· 2 players
Game mode
Random Map
Map size
Tiny (2 player)
Population
200
Speed
Normal
Resources
Standard
Victory
Conquest
Starting age
Dark Age
Ending age
Imperial Age
RankedLock teamsTeams togetherTeam positionsShared explorationLock speedFull tech treeHidden civsTurbo modeCheats
Victory
Defeat
🇫🇷 Cumans · France
740
+17
🇹🇼 Byzantines · Taiwan
754
-17
Bolemro
0:50 Loom
12:58 Feudal Age
18:31 Castle Age
26:56 Squires
27:02 Scale Mail Armor
27:31 Pikeman
34:34 Murder Holes
Roy
3:18 Loom
11:48 Feudal Age
12:14 Double-Bit Axe
13:55 Horse Collar
20:40 Castle Age
19:52 Gold Mining
22:19 Forging
23:42 Husbandry
27:24 Treadmill Crane
29:26 Scale Barding Armor
29:57 Iron Casting
31:50 Chain Barding Armor
40:09 Imperial Age
Connection lost

Rejoining the realm…

Still unreachable

The connection could not be restored.

Session expired

The server has moved on; the page needs a fresh start.